Workbook
Name Categorias: 'Categorías'!$A$5:$A$19

Sheet Resumen
A1: Presupuesto mensual con gráficos
A2: Plantilla de Excel · Presupuesto mensual · Euro (€)
A4: Ingresos del año | B4: Gastos del año | C4: Ahorro del año | D4: Tasa de ahorro
A5: =B20 -> 0 | B5: =C20 -> 0 | C5: =D20 -> 0 | D5: =IF(A5>0,C5/A5,0) -> 0
A7: Mes | B7: Ingresos | C7: Gastos | D7: Saldo | E7: Acumulado
A8: Enero | B8: ='Enero'!$C$8 -> 0 | C8: ='Enero'!$C$23 -> 0 | D8: =B8-C8 -> 0 | E8: =SUM($D$8:D8) -> 0
A9: Febrero | B9: ='Febrero'!$C$8 -> 0 | C9: ='Febrero'!$C$23 -> 0 | D9: =B9-C9 -> 0 | E9: =SUM($D$8:D9) -> 0
A10: Marzo | B10: ='Marzo'!$C$8 -> 0 | C10: ='Marzo'!$C$23 -> 0 | D10: =B10-C10 -> 0 | E10: =SUM($D$8:D10) -> 0
A11: Abril | B11: ='Abril'!$C$8 -> 0 | C11: ='Abril'!$C$23 -> 0 | D11: =B11-C11 -> 0 | E11: =SUM($D$8:D11) -> 0
A12: Mayo | B12: ='Mayo'!$C$8 -> 0 | C12: ='Mayo'!$C$23 -> 0 | D12: =B12-C12 -> 0 | E12: =SUM($D$8:D12) -> 0
A13: Junio | B13: ='Junio'!$C$8 -> 0 | C13: ='Junio'!$C$23 -> 0 | D13: =B13-C13 -> 0 | E13: =SUM($D$8:D13) -> 0
A14: Julio | B14: ='Julio'!$C$8 -> 0 | C14: ='Julio'!$C$23 -> 0 | D14: =B14-C14 -> 0 | E14: =SUM($D$8:D14) -> 0
A15: Agosto | B15: ='Agosto'!$C$8 -> 0 | C15: ='Agosto'!$C$23 -> 0 | D15: =B15-C15 -> 0 | E15: =SUM($D$8:D15) -> 0
A16: Septiembre | B16: ='Septiembre'!$C$8 -> 0 | C16: ='Septiembre'!$C$23 -> 0 | D16: =B16-C16 -> 0 | E16: =SUM($D$8:D16) -> 0
A17: Octubre | B17: ='Octubre'!$C$8 -> 0 | C17: ='Octubre'!$C$23 -> 0 | D17: =B17-C17 -> 0 | E17: =SUM($D$8:D17) -> 0
A18: Noviembre | B18: ='Noviembre'!$C$8 -> 0 | C18: ='Noviembre'!$C$23 -> 0 | D18: =B18-C18 -> 0 | E18: =SUM($D$8:D18) -> 0
A19: Diciembre | B19: ='Diciembre'!$C$8 -> 0 | C19: ='Diciembre'!$C$23 -> 0 | D19: =B19-C19 -> 0 | E19: =SUM($D$8:D19) -> 0
A20: Total | B20: =SUM($B$8:$B$19) -> 0 | C20: =SUM($C$8:$C$19) -> 0 | D20: =SUM($D$8:$D$19) -> 0
A22: Categoría de gasto | B22: Previsto | C22: Real | D22: Diferencia | E22: % del gasto
A23: =IF('Categorías'!$A$8="","",'Categorías'!$A$8) -> Vivienda | B23: ='Enero'!$B$11+'Febrero'!$B$11+'Marzo'!$B$11+'Abril'!$B$11+'Mayo'!$B$11+'Junio'!$B$11+'Julio'!$B$11+'Agosto'!$B$11+'Septiembre'!$B$11+'Octubre'!$B$11+'Noviembre'!$B$11+'Diciembre'!$B$11 -> 0 | C23: ='Enero'!$C$11+'Febrero'!$C$11+'Marzo'!$C$11+'Abril'!$C$11+'Mayo'!$C$11+'Junio'!$C$11+'Julio'!$C$11+'Agosto'!$C$11+'Septiembre'!$C$11+'Octubre'!$C$11+'Noviembre'!$C$11+'Diciembre'!$C$11 -> 0 | D23: =B23-C23 -> 0 | E23: =IF($C$35>0,C23/$C$35,0) -> 0
A24: =IF('Categorías'!$A$9="","",'Categorías'!$A$9) -> Luz, agua e internet | B24: ='Enero'!$B$12+'Febrero'!$B$12+'Marzo'!$B$12+'Abril'!$B$12+'Mayo'!$B$12+'Junio'!$B$12+'Julio'!$B$12+'Agosto'!$B$12+'Septiembre'!$B$12+'Octubre'!$B$12+'Noviembre'!$B$12+'Diciembre'!$B$12 -> 0 | C24: ='Enero'!$C$12+'Febrero'!$C$12+'Marzo'!$C$12+'Abril'!$C$12+'Mayo'!$C$12+'Junio'!$C$12+'Julio'!$C$12+'Agosto'!$C$12+'Septiembre'!$C$12+'Octubre'!$C$12+'Noviembre'!$C$12+'Diciembre'!$C$12 -> 0 | D24: =B24-C24 -> 0 | E24: =IF($C$35>0,C24/$C$35,0) -> 0
A25: =IF('Categorías'!$A$10="","",'Categorías'!$A$10) -> Supermercado | B25: ='Enero'!$B$13+'Febrero'!$B$13+'Marzo'!$B$13+'Abril'!$B$13+'Mayo'!$B$13+'Junio'!$B$13+'Julio'!$B$13+'Agosto'!$B$13+'Septiembre'!$B$13+'Octubre'!$B$13+'Noviembre'!$B$13+'Diciembre'!$B$13 -> 0 | C25: ='Enero'!$C$13+'Febrero'!$C$13+'Marzo'!$C$13+'Abril'!$C$13+'Mayo'!$C$13+'Junio'!$C$13+'Julio'!$C$13+'Agosto'!$C$13+'Septiembre'!$C$13+'Octubre'!$C$13+'Noviembre'!$C$13+'Diciembre'!$C$13 -> 0 | D25: =B25-C25 -> 0 | E25: =IF($C$35>0,C25/$C$35,0) -> 0
A26: =IF('Categorías'!$A$11="","",'Categorías'!$A$11) -> Transporte | B26: ='Enero'!$B$14+'Febrero'!$B$14+'Marzo'!$B$14+'Abril'!$B$14+'Mayo'!$B$14+'Junio'!$B$14+'Julio'!$B$14+'Agosto'!$B$14+'Septiembre'!$B$14+'Octubre'!$B$14+'Noviembre'!$B$14+'Diciembre'!$B$14 -> 0 | C26: ='Enero'!$C$14+'Febrero'!$C$14+'Marzo'!$C$14+'Abril'!$C$14+'Mayo'!$C$14+'Junio'!$C$14+'Julio'!$C$14+'Agosto'!$C$14+'Septiembre'!$C$14+'Octubre'!$C$14+'Noviembre'!$C$14+'Diciembre'!$C$14 -> 0 | D26: =B26-C26 -> 0 | E26: =IF($C$35>0,C26/$C$35,0) -> 0
A27: =IF('Categorías'!$A$12="","",'Categorías'!$A$12) -> Salud | B27: ='Enero'!$B$15+'Febrero'!$B$15+'Marzo'!$B$15+'Abril'!$B$15+'Mayo'!$B$15+'Junio'!$B$15+'Julio'!$B$15+'Agosto'!$B$15+'Septiembre'!$B$15+'Octubre'!$B$15+'Noviembre'!$B$15+'Diciembre'!$B$15 -> 0 | C27: ='Enero'!$C$15+'Febrero'!$C$15+'Marzo'!$C$15+'Abril'!$C$15+'Mayo'!$C$15+'Junio'!$C$15+'Julio'!$C$15+'Agosto'!$C$15+'Septiembre'!$C$15+'Octubre'!$C$15+'Noviembre'!$C$15+'Diciembre'!$C$15 -> 0 | D27: =B27-C27 -> 0 | E27: =IF($C$35>0,C27/$C$35,0) -> 0
A28: =IF('Categorías'!$A$13="","",'Categorías'!$A$13) -> Seguros | B28: ='Enero'!$B$16+'Febrero'!$B$16+'Marzo'!$B$16+'Abril'!$B$16+'Mayo'!$B$16+'Junio'!$B$16+'Julio'!$B$16+'Agosto'!$B$16+'Septiembre'!$B$16+'Octubre'!$B$16+'Noviembre'!$B$16+'Diciembre'!$B$16 -> 0 | C28: ='Enero'!$C$16+'Febrero'!$C$16+'Marzo'!$C$16+'Abril'!$C$16+'Mayo'!$C$16+'Junio'!$C$16+'Julio'!$C$16+'Agosto'!$C$16+'Septiembre'!$C$16+'Octubre'!$C$16+'Noviembre'!$C$16+'Diciembre'!$C$16 -> 0 | D28: =B28-C28 -> 0 | E28: =IF($C$35>0,C28/$C$35,0) -> 0
A29: =IF('Categorías'!$A$14="","",'Categorías'!$A$14) -> Educación | B29: ='Enero'!$B$17+'Febrero'!$B$17+'Marzo'!$B$17+'Abril'!$B$17+'Mayo'!$B$17+'Junio'!$B$17+'Julio'!$B$17+'Agosto'!$B$17+'Septiembre'!$B$17+'Octubre'!$B$17+'Noviembre'!$B$17+'Diciembre'!$B$17 -> 0 | C29: ='Enero'!$C$17+'Febrero'!$C$17+'Marzo'!$C$17+'Abril'!$C$17+'Mayo'!$C$17+'Junio'!$C$17+'Julio'!$C$17+'Agosto'!$C$17+'Septiembre'!$C$17+'Octubre'!$C$17+'Noviembre'!$C$17+'Diciembre'!$C$17 -> 0 | D29: =B29-C29 -> 0 | E29: =IF($C$35>0,C29/$C$35,0) -> 0
A30: =IF('Categorías'!$A$15="","",'Categorías'!$A$15) -> Ocio y restaurantes | B30: ='Enero'!$B$18+'Febrero'!$B$18+'Marzo'!$B$18+'Abril'!$B$18+'Mayo'!$B$18+'Junio'!$B$18+'Julio'!$B$18+'Agosto'!$B$18+'Septiembre'!$B$18+'Octubre'!$B$18+'Noviembre'!$B$18+'Diciembre'!$B$18 -> 0 | C30: ='Enero'!$C$18+'Febrero'!$C$18+'Marzo'!$C$18+'Abril'!$C$18+'Mayo'!$C$18+'Junio'!$C$18+'Julio'!$C$18+'Agosto'!$C$18+'Septiembre'!$C$18+'Octubre'!$C$18+'Noviembre'!$C$18+'Diciembre'!$C$18 -> 0 | D30: =B30-C30 -> 0 | E30: =IF($C$35>0,C30/$C$35,0) -> 0
A31: =IF('Categorías'!$A$16="","",'Categorías'!$A$16) -> Ropa | B31: ='Enero'!$B$19+'Febrero'!$B$19+'Marzo'!$B$19+'Abril'!$B$19+'Mayo'!$B$19+'Junio'!$B$19+'Julio'!$B$19+'Agosto'!$B$19+'Septiembre'!$B$19+'Octubre'!$B$19+'Noviembre'!$B$19+'Diciembre'!$B$19 -> 0 | C31: ='Enero'!$C$19+'Febrero'!$C$19+'Marzo'!$C$19+'Abril'!$C$19+'Mayo'!$C$19+'Junio'!$C$19+'Julio'!$C$19+'Agosto'!$C$19+'Septiembre'!$C$19+'Octubre'!$C$19+'Noviembre'!$C$19+'Diciembre'!$C$19 -> 0 | D31: =B31-C31 -> 0 | E31: =IF($C$35>0,C31/$C$35,0) -> 0
A32: =IF('Categorías'!$A$17="","",'Categorías'!$A$17) -> Deudas | B32: ='Enero'!$B$20+'Febrero'!$B$20+'Marzo'!$B$20+'Abril'!$B$20+'Mayo'!$B$20+'Junio'!$B$20+'Julio'!$B$20+'Agosto'!$B$20+'Septiembre'!$B$20+'Octubre'!$B$20+'Noviembre'!$B$20+'Diciembre'!$B$20 -> 0 | C32: ='Enero'!$C$20+'Febrero'!$C$20+'Marzo'!$C$20+'Abril'!$C$20+'Mayo'!$C$20+'Junio'!$C$20+'Julio'!$C$20+'Agosto'!$C$20+'Septiembre'!$C$20+'Octubre'!$C$20+'Noviembre'!$C$20+'Diciembre'!$C$20 -> 0 | D32: =B32-C32 -> 0 | E32: =IF($C$35>0,C32/$C$35,0) -> 0
A33: =IF('Categorías'!$A$18="","",'Categorías'!$A$18) -> Ahorro | B33: ='Enero'!$B$21+'Febrero'!$B$21+'Marzo'!$B$21+'Abril'!$B$21+'Mayo'!$B$21+'Junio'!$B$21+'Julio'!$B$21+'Agosto'!$B$21+'Septiembre'!$B$21+'Octubre'!$B$21+'Noviembre'!$B$21+'Diciembre'!$B$21 -> 0 | C33: ='Enero'!$C$21+'Febrero'!$C$21+'Marzo'!$C$21+'Abril'!$C$21+'Mayo'!$C$21+'Junio'!$C$21+'Julio'!$C$21+'Agosto'!$C$21+'Septiembre'!$C$21+'Octubre'!$C$21+'Noviembre'!$C$21+'Diciembre'!$C$21 -> 0 | D33: =B33-C33 -> 0 | E33: =IF($C$35>0,C33/$C$35,0) -> 0
A34: =IF('Categorías'!$A$19="","",'Categorías'!$A$19) -> Otros gastos | B34: ='Enero'!$B$22+'Febrero'!$B$22+'Marzo'!$B$22+'Abril'!$B$22+'Mayo'!$B$22+'Junio'!$B$22+'Julio'!$B$22+'Agosto'!$B$22+'Septiembre'!$B$22+'Octubre'!$B$22+'Noviembre'!$B$22+'Diciembre'!$B$22 -> 0 | C34: ='Enero'!$C$22+'Febrero'!$C$22+'Marzo'!$C$22+'Abril'!$C$22+'Mayo'!$C$22+'Junio'!$C$22+'Julio'!$C$22+'Agosto'!$C$22+'Septiembre'!$C$22+'Octubre'!$C$22+'Noviembre'!$C$22+'Diciembre'!$C$22 -> 0 | D34: =B34-C34 -> 0 | E34: =IF($C$35>0,C34/$C$35,0) -> 0
A35: Total | B35: =SUM($B$23:$B$34) -> 0 | C35: =SUM($C$23:$C$34) -> 0 | D35: =SUM($D$23:$D$34) -> 0 | E35: =SUM($E$23:$E$34) -> 0

Sheet Categorías
A1: Categorías y presupuesto de cada mes
A2: Plantilla de Excel · Presupuesto mensual · Euro (€)
A4: Categoría | B4: Tipo | C4: Previsto al mes
A5: Sueldo | B5: Ingreso
A6: Ingresos extra | B6: Ingreso
A7: Otros ingresos | B7: Ingreso
A8: Vivienda | B8: Gasto
A9: Luz, agua e internet | B9: Gasto
A10: Supermercado | B10: Gasto
A11: Transporte | B11: Gasto
A12: Salud | B12: Gasto
A13: Seguros | B13: Gasto
A14: Educación | B14: Gasto
A15: Ocio y restaurantes | B15: Gasto
A16: Ropa | B16: Gasto
... A19: Otros gastos | B19: Gasto
A21: Ingresos previstos | C21: =SUM($C$5:$C$7) -> 0
A22: Gastos previstos | C22: =SUM($C$8:$C$19) -> 0
A23: Saldo previsto | C23: =C21-C22 -> 0

Sheet Enero
A1: Enero
A2: Plantilla de Excel · Presupuesto mensual · Euro (€)
A4: Ingresos | B4: Previsto | C4: Real | D4: Diferencia | F4: Fecha | G4: Concepto | H4: Categoría | I4: Importe
A5: =IF('Categorías'!$A$5="","",'Categorías'!$A$5) -> Sueldo | B5: ='Categorías'!$C$5 -> 0 | C5: =IF($A5="",0,SUMIFS($I$5:$I$154,$H$5:$H$154,$A5)) -> 0 | D5: =C5-B5 -> 0
A6: =IF('Categorías'!$A$6="","",'Categorías'!$A$6) -> Ingresos extra | B6: ='Categorías'!$C$6 -> 0 | C6: =IF($A6="",0,SUMIFS($I$5:$I$154,$H$5:$H$154,$A6)) -> 0 | D6: =C6-B6 -> 0
A7: =IF('Categorías'!$A$7="","",'Categorías'!$A$7) -> Otros ingresos | B7: ='Categorías'!$C$7 -> 0 | C7: =IF($A7="",0,SUMIFS($I$5:$I$154,$H$5:$H$154,$A7)) -> 0 | D7: =C7-B7 -> 0
A8: Total ingresos | B8: =SUM($B$5:$B$7) -> 0 | C8: =SUM($C$5:$C$7) -> 0 | D8: =SUM($D$5:$D$7) -> 0
A10: Gastos | B10: Previsto | C10: Real | D10: Diferencia
A11: =IF('Categorías'!$A$8="","",'Categorías'!$A$8) -> Vivienda | B11: ='Categorías'!$C$8 -> 0 | C11: =IF($A11="",0,SUMIFS($I$5:$I$154,$H$5:$H$154,$A11)) -> 0 | D11: =B11-C11 -> 0
A12: =IF('Categorías'!$A$9="","",'Categorías'!$A$9) -> Luz, agua e internet | B12: ='Categorías'!$C$9 -> 0 | C12: =IF($A12="",0,SUMIFS($I$5:$I$154,$H$5:$H$154,$A12)) -> 0 | D12: =B12-C12 -> 0
A13: =IF('Categorías'!$A$10="","",'Categorías'!$A$10) -> Supermercado | B13: ='Categorías'!$C$10 -> 0 | C13: =IF($A13="",0,SUMIFS($I$5:$I$154,$H$5:$H$154,$A13)) -> 0 | D13: =B13-C13 -> 0
A14: =IF('Categorías'!$A$11="","",'Categorías'!$A$11) -> Transporte | B14: ='Categorías'!$C$11 -> 0 | C14: =IF($A14="",0,SUMIFS($I$5:$I$154,$H$5:$H$154,$A14)) -> 0 | D14: =B14-C14 -> 0
A15: =IF('Categorías'!$A$12="","",'Categorías'!$A$12) -> Salud | B15: ='Categorías'!$C$12 -> 0 | C15: =IF($A15="",0,SUMIFS($I$5:$I$154,$H$5:$H$154,$A15)) -> 0 | D15: =B15-C15 -> 0
A16: =IF('Categorías'!$A$13="","",'Categorías'!$A$13) -> Seguros | B16: ='Categorías'!$C$13 -> 0 | C16: =IF($A16="",0,SUMIFS($I$5:$I$154,$H$5:$H$154,$A16)) -> 0 | D16: =B16-C16 -> 0
A17: =IF('Categorías'!$A$14="","",'Categorías'!$A$14) -> Educación | B17: ='Categorías'!$C$14 -> 0 | C17: =IF($A17="",0,SUMIFS($I$5:$I$154,$H$5:$H$154,$A17)) -> 0 | D17: =B17-C17 -> 0
A18: =IF('Categorías'!$A$15="","",'Categorías'!$A$15) -> Ocio y restaurantes | B18: ='Categorías'!$C$15 -> 0 | C18: =IF($A18="",0,SUMIFS($I$5:$I$154,$H$5:$H$154,$A18)) -> 0 | D18: =B18-C18 -> 0
A19: =IF('Categorías'!$A$16="","",'Categorías'!$A$16) -> Ropa | B19: ='Categorías'!$C$16 -> 0 | C19: =IF($A19="",0,SUMIFS($I$5:$I$154,$H$5:$H$154,$A19)) -> 0 | D19: =B19-C19 -> 0
A20: =IF('Categorías'!$A$17="","",'Categorías'!$A$17) -> Deudas | B20: ='Categorías'!$C$17 -> 0 | C20: =IF($A20="",0,SUMIFS($I$5:$I$154,$H$5:$H$154,$A20)) -> 0 | D20: =B20-C20 -> 0
A21: =IF('Categorías'!$A$18="","",'Categorías'!$A$18) -> Ahorro | B21: ='Categorías'!$C$18 -> 0 | C21: =IF($A21="",0,SUMIFS($I$5:$I$154,$H$5:$H$154,$A21)) -> 0 | D21: =B21-C21 -> 0
A22: =IF('Categorías'!$A$19="","",'Categorías'!$A$19) -> Otros gastos | B22: ='Categorías'!$C$19 -> 0 | C22: =IF($A22="",0,SUMIFS($I$5:$I$154,$H$5:$H$154,$A22)) -> 0 | D22: =B22-C22 -> 0
A23: Total gastos | B23: =SUM($B$11:$B$22) -> 0 | C23: =SUM($C$11:$C$22) -> 0 | D23: =SUM($D$11:$D$22) -> 0
A25: Saldo | B25: =B8-B23 -> 0 | C25: =C8-C23 -> 0

Sheet Febrero
A1: Febrero
A2: Plantilla de Excel · Presupuesto mensual · Euro (€)
A4: Ingresos | B4: Previsto | C4: Real | D4: Diferencia | F4: Fecha | G4: Concepto | H4: Categoría | I4: Importe
A5: =IF('Categorías'!$A$5="","",'Categorías'!$A$5) -> Sueldo | B5: ='Categorías'!$C$5 -> 0 | C5: =IF($A5="",0,SUMIFS($I$5:$I$154,$H$5:$H$154,$A5)) -> 0 | D5: =C5-B5 -> 0
A6: =IF('Categorías'!$A$6="","",'Categorías'!$A$6) -> Ingresos extra | B6: ='Categorías'!$C$6 -> 0 | C6: =IF($A6="",0,SUMIFS($I$5:$I$154,$H$5:$H$154,$A6)) -> 0 | D6: =C6-B6 -> 0
A7: =IF('Categorías'!$A$7="","",'Categorías'!$A$7) -> Otros ingresos | B7: ='Categorías'!$C$7 -> 0 | C7: =IF($A7="",0,SUMIFS($I$5:$I$154,$H$5:$H$154,$A7)) -> 0 | D7: =C7-B7 -> 0
A8: Total ingresos | B8: =SUM($B$5:$B$7) -> 0 | C8: =SUM($C$5:$C$7) -> 0 | D8: =SUM($D$5:$D$7) -> 0
A10: Gastos | B10: Previsto | C10: Real | D10: Diferencia
A11: =IF('Categorías'!$A$8="","",'Categorías'!$A$8) -> Vivienda | B11: ='Categorías'!$C$8 -> 0 | C11: =IF($A11="",0,SUMIFS($I$5:$I$154,$H$5:$H$154,$A11)) -> 0 | D11: =B11-C11 -> 0
A12: =IF('Categorías'!$A$9="","",'Categorías'!$A$9) -> Luz, agua e internet | B12: ='Categorías'!$C$9 -> 0 | C12: =IF($A12="",0,SUMIFS($I$5:$I$154,$H$5:$H$154,$A12)) -> 0 | D12: =B12-C12 -> 0
A13: =IF('Categorías'!$A$10="","",'Categorías'!$A$10) -> Supermercado | B13: ='Categorías'!$C$10 -> 0 | C13: =IF($A13="",0,SUMIFS($I$5:$I$154,$H$5:$H$154,$A13)) -> 0 | D13: =B13-C13 -> 0
A14: =IF('Categorías'!$A$11="","",'Categorías'!$A$11) -> Transporte | B14: ='Categorías'!$C$11 -> 0 | C14: =IF($A14="",0,SUMIFS($I$5:$I$154,$H$5:$H$154,$A14)) -> 0 | D14: =B14-C14 -> 0
A15: =IF('Categorías'!$A$12="","",'Categorías'!$A$12) -> Salud | B15: ='Categorías'!$C$12 -> 0 | C15: =IF($A15="",0,SUMIFS($I$5:$I$154,$H$5:$H$154,$A15)) -> 0 | D15: =B15-C15 -> 0
A16: =IF('Categorías'!$A$13="","",'Categorías'!$A$13) -> Seguros | B16: ='Categorías'!$C$13 -> 0 | C16: =IF($A16="",0,SUMIFS($I$5:$I$154,$H$5:$H$154,$A16)) -> 0 | D16: =B16-C16 -> 0
A17: =IF('Categorías'!$A$14="","",'Categorías'!$A$14) -> Educación | B17: ='Categorías'!$C$14 -> 0 | C17: =IF($A17="",0,SUMIFS($I$5:$I$154,$H$5:$H$154,$A17)) -> 0 | D17: =B17-C17 -> 0
A18: =IF('Categorías'!$A$15="","",'Categorías'!$A$15) -> Ocio y restaurantes | B18: ='Categorías'!$C$15 -> 0 | C18: =IF($A18="",0,SUMIFS($I$5:$I$154,$H$5:$H$154,$A18)) -> 0 | D18: =B18-C18 -> 0
A19: =IF('Categorías'!$A$16="","",'Categorías'!$A$16) -> Ropa | B19: ='Categorías'!$C$16 -> 0 | C19: =IF($A19="",0,SUMIFS($I$5:$I$154,$H$5:$H$154,$A19)) -> 0 | D19: =B19-C19 -> 0
A20: =IF('Categorías'!$A$17="","",'Categorías'!$A$17) -> Deudas | B20: ='Categorías'!$C$17 -> 0 | C20: =IF($A20="",0,SUMIFS($I$5:$I$154,$H$5:$H$154,$A20)) -> 0 | D20: =B20-C20 -> 0
A21: =IF('Categorías'!$A$18="","",'Categorías'!$A$18) -> Ahorro | B21: ='Categorías'!$C$18 -> 0 | C21: =IF($A21="",0,SUMIFS($I$5:$I$154,$H$5:$H$154,$A21)) -> 0 | D21: =B21-C21 -> 0
A22: =IF('Categorías'!$A$19="","",'Categorías'!$A$19) -> Otros gastos | B22: ='Categorías'!$C$19 -> 0 | C22: =IF($A22="",0,SUMIFS($I$5:$I$154,$H$5:$H$154,$A22)) -> 0 | D22: =B22-C22 -> 0
A23: Total gastos | B23: =SUM($B$11:$B$22) -> 0 | C23: =SUM($C$11:$C$22) -> 0 | D23: =SUM($D$11:$D$22) -> 0
A25: Saldo | B25: =B8-B23 -> 0 | C25: =C8-C23 -> 0

Sheet Marzo
A1: Marzo
A2: Plantilla de Excel · Presupuesto mensual · Euro (€)
A4: Ingresos | B4: Previsto | C4: Real | D4: Diferencia | F4: Fecha | G4: Concepto | H4: Categoría | I4: Importe
A5: =IF('Categorías'!$A$5="","",'Categorías'!$A$5) -> Sueldo | B5: ='Categorías'!$C$5 -> 0 | C5: =IF($A5="",0,SUMIFS($I$5:$I$154,$H$5:$H$154,$A5)) -> 0 | D5: =C5-B5 -> 0
A6: =IF('Categorías'!$A$6="","",'Categorías'!$A$6) -> Ingresos extra | B6: ='Categorías'!$C$6 -> 0 | C6: =IF($A6="",0,SUMIFS($I$5:$I$154,$H$5:$H$154,$A6)) -> 0 | D6: =C6-B6 -> 0
A7: =IF('Categorías'!$A$7="","",'Categorías'!$A$7) -> Otros ingresos | B7: ='Categorías'!$C$7 -> 0 | C7: =IF($A7="",0,SUMIFS($I$5:$I$154,$H$5:$H$154,$A7)) -> 0 | D7: =C7-B7 -> 0
A8: Total ingresos | B8: =SUM($B$5:$B$7) -> 0 | C8: =SUM($C$5:$C$7) -> 0 | D8: =SUM($D$5:$D$7) -> 0
A10: Gastos | B10: Previsto | C10: Real | D10: Diferencia
A11: =IF('Categorías'!$A$8="","",'Categorías'!$A$8) -> Vivienda | B11: ='Categorías'!$C$8 -> 0 | C11: =IF($A11="",0,SUMIFS($I$5:$I$154,$H$5:$H$154,$A11)) -> 0 | D11: =B11-C11 -> 0
A12: =IF('Categorías'!$A$9="","",'Categorías'!$A$9) -> Luz, agua e internet | B12: ='Categorías'!$C$9 -> 0 | C12: =IF($A12="",0,SUMIFS($I$5:$I$154,$H$5:$H$154,$A12)) -> 0 | D12: =B12-C12 -> 0
A13: =IF('Categorías'!$A$10="","",'Categorías'!$A$10) -> Supermercado | B13: ='Categorías'!$C$10 -> 0 | C13: =IF($A13="",0,SUMIFS($I$5:$I$154,$H$5:$H$154,$A13)) -> 0 | D13: =B13-C13 -> 0
A14: =IF('Categorías'!$A$11="","",'Categorías'!$A$11) -> Transporte | B14: ='Categorías'!$C$11 -> 0 | C14: =IF($A14="",0,SUMIFS($I$5:$I$154,$H$5:$H$154,$A14)) -> 0 | D14: =B14-C14 -> 0
A15: =IF('Categorías'!$A$12="","",'Categorías'!$A$12) -> Salud | B15: ='Categorías'!$C$12 -> 0 | C15: =IF($A15="",0,SUMIFS($I$5:$I$154,$H$5:$H$154,$A15)) -> 0 | D15: =B15-C15 -> 0
A16: =IF('Categorías'!$A$13="","",'Categorías'!$A$13) -> Seguros | B16: ='Categorías'!$C$13 -> 0 | C16: =IF($A16="",0,SUMIFS($I$5:$I$154,$H$5:$H$154,$A16)) -> 0 | D16: =B16-C16 -> 0
A17: =IF('Categorías'!$A$14="","",'Categorías'!$A$14) -> Educación | B17: ='Categorías'!$C$14 -> 0 | C17: =IF($A17="",0,SUMIFS($I$5:$I$154,$H$5:$H$154,$A17)) -> 0 | D17: =B17-C17 -> 0
A18: =IF('Categorías'!$A$15="","",'Categorías'!$A$15) -> Ocio y restaurantes | B18: ='Categorías'!$C$15 -> 0 | C18: =IF($A18="",0,SUMIFS($I$5:$I$154,$H$5:$H$154,$A18)) -> 0 | D18: =B18-C18 -> 0
A19: =IF('Categorías'!$A$16="","",'Categorías'!$A$16) -> Ropa | B19: ='Categorías'!$C$16 -> 0 | C19: =IF($A19="",0,SUMIFS($I$5:$I$154,$H$5:$H$154,$A19)) -> 0 | D19: =B19-C19 -> 0
A20: =IF('Categorías'!$A$17="","",'Categorías'!$A$17) -> Deudas | B20: ='Categorías'!$C$17 -> 0 | C20: =IF($A20="",0,SUMIFS($I$5:$I$154,$H$5:$H$154,$A20)) -> 0 | D20: =B20-C20 -> 0
A21: =IF('Categorías'!$A$18="","",'Categorías'!$A$18) -> Ahorro | B21: ='Categorías'!$C$18 -> 0 | C21: =IF($A21="",0,SUMIFS($I$5:$I$154,$H$5:$H$154,$A21)) -> 0 | D21: =B21-C21 -> 0
A22: =IF('Categorías'!$A$19="","",'Categorías'!$A$19) -> Otros gastos | B22: ='Categorías'!$C$19 -> 0 | C22: =IF($A22="",0,SUMIFS($I$5:$I$154,$H$5:$H$154,$A22)) -> 0 | D22: =B22-C22 -> 0
A23: Total gastos | B23: =SUM($B$11:$B$22) -> 0 | C23: =SUM($C$11:$C$22) -> 0 | D23: =SUM($D$11:$D$22) -> 0
A25: Saldo | B25: =B8-B23 -> 0 | C25: =C8-C23 -> 0

Sheet Abril
A1: Abril
A2: Plantilla de Excel · Presupuesto mensual · Euro (€)
A4: Ingresos | B4: Previsto | C4: Real | D4: Diferencia | F4: Fecha | G4: Concepto | H4: Categoría | I4: Importe
A5: =IF('Categorías'!$A$5="","",'Categorías'!$A$5) -> Sueldo | B5: ='Categorías'!$C$5 -> 0 | C5: =IF($A5="",0,SUMIFS($I$5:$I$154,$H$5:$H$154,$A5)) -> 0 | D5: =C5-B5 -> 0
A6: =IF('Categorías'!$A$6="","",'Categorías'!$A$6) -> Ingresos extra | B6: ='Categorías'!$C$6 -> 0 | C6: =IF($A6="",0,SUMIFS($I$5:$I$154,$H$5:$H$154,$A6)) -> 0 | D6: =C6-B6 -> 0
A7: =IF('Categorías'!$A$7="","",'Categorías'!$A$7) -> Otros ingresos | B7: ='Categorías'!$C$7 -> 0 | C7: =IF($A7="",0,SUMIFS($I$5:$I$154,$H$5:$H$154,$A7)) -> 0 | D7: =C7-B7 -> 0
A8: Total ingresos | B8: =SUM($B$5:$B$7) -> 0 | C8: =SUM($C$5:$C$7) -> 0 | D8: =SUM($D$5:$D$7) -> 0
A10: Gastos | B10: Previsto | C10: Real | D10: Diferencia
A11: =IF('Categorías'!$A$8="","",'Categorías'!$A$8) -> Vivienda | B11: ='Categorías'!$C$8 -> 0 | C11: =IF($A11="",0,SUMIFS($I$5:$I$154,$H$5:$H$154,$A11)) -> 0 | D11: =B11-C11 -> 0
A12: =IF('Categorías'!$A$9="","",'Categorías'!$A$9) -> Luz, agua e internet | B12: ='Categorías'!$C$9 -> 0 | C12: =IF($A12="",0,SUMIFS($I$5:$I$154,$H$5:$H$154,$A12)) -> 0 | D12: =B12-C12 -> 0
A13: =IF('Categorías'!$A$10="","",'Categorías'!$A$10) -> Supermercado | B13: ='Categorías'!$C$10 -> 0 | C13: =IF($A13="",0,SUMIFS($I$5:$I$154,$H$5:$H$154,$A13)) -> 0 | D13: =B13-C13 -> 0
A14: =IF('Categorías'!$A$11="","",'Categorías'!$A$11) -> Transporte | B14: ='Categorías'!$C$11 -> 0 | C14: =IF($A14="",0,SUMIFS($I$5:$I$154,$H$5:$H$154,$A14)) -> 0 | D14: =B14-C14 -> 0
A15: =IF('Categorías'!$A$12="","",'Categorías'!$A$12) -> Salud | B15: ='Categorías'!$C$12 -> 0 | C15: =IF($A15="",0,SUMIFS($I$5:$I$154,$H$5:$H$154,$A15)) -> 0 | D15: =B15-C15 -> 0
A16: =IF('Categorías'!$A$13="","",'Categorías'!$A$13) -> Seguros | B16: ='Categorías'!$C$13 -> 0 | C16: =IF($A16="",0,SUMIFS($I$5:$I$154,$H$5:$H$154,$A16)) -> 0 | D16: =B16-C16 -> 0
A17: =IF('Categorías'!$A$14="","",'Categorías'!$A$14) -> Educación | B17: ='Categorías'!$C$14 -> 0 | C17: =IF($A17="",0,SUMIFS($I$5:$I$154,$H$5:$H$154,$A17)) -> 0 | D17: =B17-C17 -> 0
A18: =IF('Categorías'!$A$15="","",'Categorías'!$A$15) -> Ocio y restaurantes | B18: ='Categorías'!$C$15 -> 0 | C18: =IF($A18="",0,SUMIFS($I$5:$I$154,$H$5:$H$154,$A18)) -> 0 | D18: =B18-C18 -> 0
A19: =IF('Categorías'!$A$16="","",'Categorías'!$A$16) -> Ropa | B19: ='Categorías'!$C$16 -> 0 | C19: =IF($A19="",0,SUMIFS($I$5:$I$154,$H$5:$H$154,$A19)) -> 0 | D19: =B19-C19 -> 0
A20: =IF('Categorías'!$A$17="","",'Categorías'!$A$17) -> Deudas | B20: ='Categorías'!$C$17 -> 0 | C20: =IF($A20="",0,SUMIFS($I$5:$I$154,$H$5:$H$154,$A20)) -> 0 | D20: =B20-C20 -> 0
A21: =IF('Categorías'!$A$18="","",'Categorías'!$A$18) -> Ahorro | B21: ='Categorías'!$C$18 -> 0 | C21: =IF($A21="",0,SUMIFS($I$5:$I$154,$H$5:$H$154,$A21)) -> 0 | D21: =B21-C21 -> 0
A22: =IF('Categorías'!$A$19="","",'Categorías'!$A$19) -> Otros gastos | B22: ='Categorías'!$C$19 -> 0 | C22: =IF($A22="",0,SUMIFS($I$5:$I$154,$H$5:$H$154,$A22)) -> 0 | D22: =B22-C22 -> 0
A23: Total gastos | B23: =SUM($B$11:$B$22) -> 0 | C23: =SUM($C$11:$C$22) -> 0 | D23: =SUM($D$11:$D$22) -> 0
A25: Saldo | B25: =B8-B23 -> 0 | C25: =C8-C23 -> 0

Sheet Mayo
A1: Mayo
A2: Plantilla de Excel · Presupuesto mensual · Euro (€)
A4: Ingresos | B4: Previsto | C4: Real | D4: Diferencia | F4: Fecha | G4: Concepto | H4: Categoría | I4: Importe
A5: =IF('Categorías'!$A$5="","",'Categorías'!$A$5) -> Sueldo | B5: ='Categorías'!$C$5 -> 0 | C5: =IF($A5="",0,SUMIFS($I$5:$I$154,$H$5:$H$154,$A5)) -> 0 | D5: =C5-B5 -> 0
A6: =IF('Categorías'!$A$6="","",'Categorías'!$A$6) -> Ingresos extra | B6: ='Categorías'!$C$6 -> 0 | C6: =IF($A6="",0,SUMIFS($I$5:$I$154,$H$5:$H$154,$A6)) -> 0 | D6: =C6-B6 -> 0
A7: =IF('Categorías'!$A$7="","",'Categorías'!$A$7) -> Otros ingresos | B7: ='Categorías'!$C$7 -> 0 | C7: =IF($A7="",0,SUMIFS($I$5:$I$154,$H$5:$H$154,$A7)) -> 0 | D7: =C7-B7 -> 0
A8: Total ingresos | B8: =SUM($B$5:$B$7) -> 0 | C8: =SUM($C$5:$C$7) -> 0 | D8: =SUM($D$5:$D$7) -> 0
A10: Gastos | B10: Previsto | C10: Real | D10: Diferencia
A11: =IF('Categorías'!$A$8="","",'Categorías'!$A$8) -> Vivienda | B11: ='Categorías'!$C$8 -> 0 | C11: =IF($A11="",0,SUMIFS($I$5:$I$154,$H$5:$H$154,$A11)) -> 0 | D11: =B11-C11 -> 0
A12: =IF('Categorías'!$A$9="","",'Categorías'!$A$9) -> Luz, agua e internet | B12: ='Categorías'!$C$9 -> 0 | C12: =IF($A12="",0,SUMIFS($I$5:$I$154,$H$5:$H$154,$A12)) -> 0 | D12: =B12-C12 -> 0
A13: =IF('Categorías'!$A$10="","",'Categorías'!$A$10) -> Supermercado | B13: ='Categorías'!$C$10 -> 0 | C13: =IF($A13="",0,SUMIFS($I$5:$I$154,$H$5:$H$154,$A13)) -> 0 | D13: =B13-C13 -> 0
A14: =IF('Categorías'!$A$11="","",'Categorías'!$A$11) -> Transporte | B14: ='Categorías'!$C$11 -> 0 | C14: =IF($A14="",0,SUMIFS($I$5:$I$154,$H$5:$H$154,$A14)) -> 0 | D14: =B14-C14 -> 0
A15: =IF('Categorías'!$A$12="","",'Categorías'!$A$12) -> Salud | B15: ='Categorías'!$C$12 -> 0 | C15: =IF($A15="",0,SUMIFS($I$5:$I$154,$H$5:$H$154,$A15)) -> 0 | D15: =B15-C15 -> 0
A16: =IF('Categorías'!$A$13="","",'Categorías'!$A$13) -> Seguros | B16: ='Categorías'!$C$13 -> 0 | C16: =IF($A16="",0,SUMIFS($I$5:$I$154,$H$5:$H$154,$A16)) -> 0 | D16: =B16-C16 -> 0
A17: =IF('Categorías'!$A$14="","",'Categorías'!$A$14) -> Educación | B17: ='Categorías'!$C$14 -> 0 | C17: =IF($A17="",0,SUMIFS($I$5:$I$154,$H$5:$H$154,$A17)) -> 0 | D17: =B17-C17 -> 0
A18: =IF('Categorías'!$A$15="","",'Categorías'!$A$15) -> Ocio y restaurantes | B18: ='Categorías'!$C$15 -> 0 | C18: =IF($A18="",0,SUMIFS($I$5:$I$154,$H$5:$H$154,$A18)) -> 0 | D18: =B18-C18 -> 0
A19: =IF('Categorías'!$A$16="","",'Categorías'!$A$16) -> Ropa | B19: ='Categorías'!$C$16 -> 0 | C19: =IF($A19="",0,SUMIFS($I$5:$I$154,$H$5:$H$154,$A19)) -> 0 | D19: =B19-C19 -> 0
A20: =IF('Categorías'!$A$17="","",'Categorías'!$A$17) -> Deudas | B20: ='Categorías'!$C$17 -> 0 | C20: =IF($A20="",0,SUMIFS($I$5:$I$154,$H$5:$H$154,$A20)) -> 0 | D20: =B20-C20 -> 0
A21: =IF('Categorías'!$A$18="","",'Categorías'!$A$18) -> Ahorro | B21: ='Categorías'!$C$18 -> 0 | C21: =IF($A21="",0,SUMIFS($I$5:$I$154,$H$5:$H$154,$A21)) -> 0 | D21: =B21-C21 -> 0
A22: =IF('Categorías'!$A$19="","",'Categorías'!$A$19) -> Otros gastos | B22: ='Categorías'!$C$19 -> 0 | C22: =IF($A22="",0,SUMIFS($I$5:$I$154,$H$5:$H$154,$A22)) -> 0 | D22: =B22-C22 -> 0
A23: Total gastos | B23: =SUM($B$11:$B$22) -> 0 | C23: =SUM($C$11:$C$22) -> 0 | D23: =SUM($D$11:$D$22) -> 0
A25: Saldo | B25: =B8-B23 -> 0 | C25: =C8-C23 -> 0

Sheet Junio
A1: Junio
A2: Plantilla de Excel · Presupuesto mensual · Euro (€)
A4: Ingresos | B4: Previsto | C4: Real | D4: Diferencia | F4: Fecha | G4: Concepto | H4: Categoría | I4: Importe
A5: =IF('Categorías'!$A$5="","",'Categorías'!$A$5) -> Sueldo | B5: ='Categorías'!$C$5 -> 0 | C5: =IF($A5="",0,SUMIFS($I$5:$I$154,$H$5:$H$154,$A5)) -> 0 | D5: =C5-B5 -> 0
A6: =IF('Categorías'!$A$6="","",'Categorías'!$A$6) -> Ingresos extra | B6: ='Categorías'!$C$6 -> 0 | C6: =IF($A6="",0,SUMIFS($I$5:$I$154,$H$5:$H$154,$A6)) -> 0 | D6: =C6-B6 -> 0
A7: =IF('Categorías'!$A$7="","",'Categorías'!$A$7) -> Otros ingresos | B7: ='Categorías'!$C$7 -> 0 | C7: =IF($A7="",0,SUMIFS($I$5:$I$154,$H$5:$H$154,$A7)) -> 0 | D7: =C7-B7 -> 0
A8: Total ingresos | B8: =SUM($B$5:$B$7) -> 0 | C8: =SUM($C$5:$C$7) -> 0 | D8: =SUM($D$5:$D$7) -> 0
A10: Gastos | B10: Previsto | C10: Real | D10: Diferencia
A11: =IF('Categorías'!$A$8="","",'Categorías'!$A$8) -> Vivienda | B11: ='Categorías'!$C$8 -> 0 | C11: =IF($A11="",0,SUMIFS($I$5:$I$154,$H$5:$H$154,$A11)) -> 0 | D11: =B11-C11 -> 0
A12: =IF('Categorías'!$A$9="","",'Categorías'!$A$9) -> Luz, agua e internet | B12: ='Categorías'!$C$9 -> 0 | C12: =IF($A12="",0,SUMIFS($I$5:$I$154,$H$5:$H$154,$A12)) -> 0 | D12: =B12-C12 -> 0
A13: =IF('Categorías'!$A$10="","",'Categorías'!$A$10) -> Supermercado | B13: ='Categorías'!$C$10 -> 0 | C13: =IF($A13="",0,SUMIFS($I$5:$I$154,$H$5:$H$154,$A13)) -> 0 | D13: =B13-C13 -> 0
A14: =IF('Categorías'!$A$11="","",'Categorías'!$A$11) -> Transporte | B14: ='Categorías'!$C$11 -> 0 | C14: =IF($A14="",0,SUMIFS($I$5:$I$154,$H$5:$H$154,$A14)) -> 0 | D14: =B14-C14 -> 0
A15: =IF('Categorías'!$A$12="","",'Categorías'!$A$12) -> Salud | B15: ='Categorías'!$C$12 -> 0 | C15: =IF($A15="",0,SUMIFS($I$5:$I$154,$H$5:$H$154,$A15)) -> 0 | D15: =B15-C15 -> 0
A16: =IF('Categorías'!$A$13="","",'Categorías'!$A$13) -> Seguros | B16: ='Categorías'!$C$13 -> 0 | C16: =IF($A16="",0,SUMIFS($I$5:$I$154,$H$5:$H$154,$A16)) -> 0 | D16: =B16-C16 -> 0
A17: =IF('Categorías'!$A$14="","",'Categorías'!$A$14) -> Educación | B17: ='Categorías'!$C$14 -> 0 | C17: =IF($A17="",0,SUMIFS($I$5:$I$154,$H$5:$H$154,$A17)) -> 0 | D17: =B17-C17 -> 0
A18: =IF('Categorías'!$A$15="","",'Categorías'!$A$15) -> Ocio y restaurantes | B18: ='Categorías'!$C$15 -> 0 | C18: =IF($A18="",0,SUMIFS($I$5:$I$154,$H$5:$H$154,$A18)) -> 0 | D18: =B18-C18 -> 0
A19: =IF('Categorías'!$A$16="","",'Categorías'!$A$16) -> Ropa | B19: ='Categorías'!$C$16 -> 0 | C19: =IF($A19="",0,SUMIFS($I$5:$I$154,$H$5:$H$154,$A19)) -> 0 | D19: =B19-C19 -> 0
A20: =IF('Categorías'!$A$17="","",'Categorías'!$A$17) -> Deudas | B20: ='Categorías'!$C$17 -> 0 | C20: =IF($A20="",0,SUMIFS($I$5:$I$154,$H$5:$H$154,$A20)) -> 0 | D20: =B20-C20 -> 0
A21: =IF('Categorías'!$A$18="","",'Categorías'!$A$18) -> Ahorro | B21: ='Categorías'!$C$18 -> 0 | C21: =IF($A21="",0,SUMIFS($I$5:$I$154,$H$5:$H$154,$A21)) -> 0 | D21: =B21-C21 -> 0
A22: =IF('Categorías'!$A$19="","",'Categorías'!$A$19) -> Otros gastos | B22: ='Categorías'!$C$19 -> 0 | C22: =IF($A22="",0,SUMIFS($I$5:$I$154,$H$5:$H$154,$A22)) -> 0 | D22: =B22-C22 -> 0
A23: Total gastos | B23: =SUM($B$11:$B$22) -> 0 | C23: =SUM($C$11:$C$22) -> 0 | D23: =SUM($D$11:$D$22) -> 0
A25: Saldo | B25: =B8-B23 -> 0 | C25: =C8-C23 -> 0

Sheet Julio
A1: Julio
A2: Plantilla de Excel · Presupuesto mensual · Euro (€)
A4: Ingresos | B4: Previsto | C4: Real | D4: Diferencia | F4: Fecha | G4: Concepto | H4: Categoría | I4: Importe
A5: =IF('Categorías'!$A$5="","",'Categorías'!$A$5) -> Sueldo | B5: ='Categorías'!$C$5 -> 0 | C5: =IF($A5="",0,SUMIFS($I$5:$I$154,$H$5:$H$154,$A5)) -> 0 | D5: =C5-B5 -> 0
A6: =IF('Categorías'!$A$6="","",'Categorías'!$A$6) -> Ingresos extra | B6: ='Categorías'!$C$6 -> 0 | C6: =IF($A6="",0,SUMIFS($I$5:$I$154,$H$5:$H$154,$A6)) -> 0 | D6: =C6-B6 -> 0
A7: =IF('Categorías'!$A$7="","",'Categorías'!$A$7) -> Otros ingresos | B7: ='Categorías'!$C$7 -> 0 | C7: =IF($A7="",0,SUMIFS($I$5:$I$154,$H$5:$H$154,$A7)) -> 0 | D7: =C7-B7 -> 0
A8: Total ingresos | B8: =SUM($B$5:$B$7) -> 0 | C8: =SUM($C$5:$C$7) -> 0 | D8: =SUM($D$5:$D$7) -> 0
A10: Gastos | B10: Previsto | C10: Real | D10: Diferencia
A11: =IF('Categorías'!$A$8="","",'Categorías'!$A$8) -> Vivienda | B11: ='Categorías'!$C$8 -> 0 | C11: =IF($A11="",0,SUMIFS($I$5:$I$154,$H$5:$H$154,$A11)) -> 0 | D11: =B11-C11 -> 0
A12: =IF('Categorías'!$A$9="","",'Categorías'!$A$9) -> Luz, agua e internet | B12: ='Categorías'!$C$9 -> 0 | C12: =IF($A12="",0,SUMIFS($I$5:$I$154,$H$5:$H$154,$A12)) -> 0 | D12: =B12-C12 -> 0
A13: =IF('Categorías'!$A$10="","",'Categorías'!$A$10) -> Supermercado | B13: ='Categorías'!$C$10 -> 0 | C13: =IF($A13="",0,SUMIFS($I$5:$I$154,$H$5:$H$154,$A13)) -> 0 | D13: =B13-C13 -> 0
A14: =IF('Categorías'!$A$11="","",'Categorías'!$A$11) -> Transporte | B14: ='Categorías'!$C$11 -> 0 | C14: =IF($A14="",0,SUMIFS($I$5:$I$154,$H$5:$H$154,$A14)) -> 0 | D14: =B14-C14 -> 0
A15: =IF('Categorías'!$A$12="","",'Categorías'!$A$12) -> Salud | B15: ='Categorías'!$C$12 -> 0 | C15: =IF($A15="",0,SUMIFS($I$5:$I$154,$H$5:$H$154,$A15)) -> 0 | D15: =B15-C15 -> 0
A16: =IF('Categorías'!$A$13="","",'Categorías'!$A$13) -> Seguros | B16: ='Categorías'!$C$13 -> 0 | C16: =IF($A16="",0,SUMIFS($I$5:$I$154,$H$5:$H$154,$A16)) -> 0 | D16: =B16-C16 -> 0
A17: =IF('Categorías'!$A$14="","",'Categorías'!$A$14) -> Educación | B17: ='Categorías'!$C$14 -> 0 | C17: =IF($A17="",0,SUMIFS($I$5:$I$154,$H$5:$H$154,$A17)) -> 0 | D17: =B17-C17 -> 0
A18: =IF('Categorías'!$A$15="","",'Categorías'!$A$15) -> Ocio y restaurantes | B18: ='Categorías'!$C$15 -> 0 | C18: =IF($A18="",0,SUMIFS($I$5:$I$154,$H$5:$H$154,$A18)) -> 0 | D18: =B18-C18 -> 0
A19: =IF('Categorías'!$A$16="","",'Categorías'!$A$16) -> Ropa | B19: ='Categorías'!$C$16 -> 0 | C19: =IF($A19="",0,SUMIFS($I$5:$I$154,$H$5:$H$154,$A19)) -> 0 | D19: =B19-C19 -> 0
A20: =IF('Categorías'!$A$17="","",'Categorías'!$A$17) -> Deudas | B20: ='Categorías'!$C$17 -> 0 | C20: =IF($A20="",0,SUMIFS($I$5:$I$154,$H$5:$H$154,$A20)) -> 0 | D20: =B20-C20 -> 0
A21: =IF('Categorías'!$A$18="","",'Categorías'!$A$18) -> Ahorro | B21: ='Categorías'!$C$18 -> 0 | C21: =IF($A21="",0,SUMIFS($I$5:$I$154,$H$5:$H$154,$A21)) -> 0 | D21: =B21-C21 -> 0
A22: =IF('Categorías'!$A$19="","",'Categorías'!$A$19) -> Otros gastos | B22: ='Categorías'!$C$19 -> 0 | C22: =IF($A22="",0,SUMIFS($I$5:$I$154,$H$5:$H$154,$A22)) -> 0 | D22: =B22-C22 -> 0
A23: Total gastos | B23: =SUM($B$11:$B$22) -> 0 | C23: =SUM($C$11:$C$22) -> 0 | D23: =SUM($D$11:$D$22) -> 0
A25: Saldo | B25: =B8-B23 -> 0 | C25: =C8-C23 -> 0

Sheet Agosto
A1: Agosto
A2: Plantilla de Excel · Presupuesto mensual · Euro (€)
A4: Ingresos | B4: Previsto | C4: Real | D4: Diferencia | F4: Fecha | G4: Concepto | H4: Categoría | I4: Importe
A5: =IF('Categorías'!$A$5="","",'Categorías'!$A$5) -> Sueldo | B5: ='Categorías'!$C$5 -> 0 | C5: =IF($A5="",0,SUMIFS($I$5:$I$154,$H$5:$H$154,$A5)) -> 0 | D5: =C5-B5 -> 0
A6: =IF('Categorías'!$A$6="","",'Categorías'!$A$6) -> Ingresos extra | B6: ='Categorías'!$C$6 -> 0 | C6: =IF($A6="",0,SUMIFS($I$5:$I$154,$H$5:$H$154,$A6)) -> 0 | D6: =C6-B6 -> 0
A7: =IF('Categorías'!$A$7="","",'Categorías'!$A$7) -> Otros ingresos | B7: ='Categorías'!$C$7 -> 0 | C7: =IF($A7="",0,SUMIFS($I$5:$I$154,$H$5:$H$154,$A7)) -> 0 | D7: =C7-B7 -> 0
A8: Total ingresos | B8: =SUM($B$5:$B$7) -> 0 | C8: =SUM($C$5:$C$7) -> 0 | D8: =SUM($D$5:$D$7) -> 0
A10: Gastos | B10: Previsto | C10: Real | D10: Diferencia
A11: =IF('Categorías'!$A$8="","",'Categorías'!$A$8) -> Vivienda | B11: ='Categorías'!$C$8 -> 0 | C11: =IF($A11="",0,SUMIFS($I$5:$I$154,$H$5:$H$154,$A11)) -> 0 | D11: =B11-C11 -> 0
A12: =IF('Categorías'!$A$9="","",'Categorías'!$A$9) -> Luz, agua e internet | B12: ='Categorías'!$C$9 -> 0 | C12: =IF($A12="",0,SUMIFS($I$5:$I$154,$H$5:$H$154,$A12)) -> 0 | D12: =B12-C12 -> 0
A13: =IF('Categorías'!$A$10="","",'Categorías'!$A$10) -> Supermercado | B13: ='Categorías'!$C$10 -> 0 | C13: =IF($A13="",0,SUMIFS($I$5:$I$154,$H$5:$H$154,$A13)) -> 0 | D13: =B13-C13 -> 0
A14: =IF('Categorías'!$A$11="","",'Categorías'!$A$11) -> Transporte | B14: ='Categorías'!$C$11 -> 0 | C14: =IF($A14="",0,SUMIFS($I$5:$I$154,$H$5:$H$154,$A14)) -> 0 | D14: =B14-C14 -> 0
A15: =IF('Categorías'!$A$12="","",'Categorías'!$A$12) -> Salud | B15: ='Categorías'!$C$12 -> 0 | C15: =IF($A15="",0,SUMIFS($I$5:$I$154,$H$5:$H$154,$A15)) -> 0 | D15: =B15-C15 -> 0
A16: =IF('Categorías'!$A$13="","",'Categorías'!$A$13) -> Seguros | B16: ='Categorías'!$C$13 -> 0 | C16: =IF($A16="",0,SUMIFS($I$5:$I$154,$H$5:$H$154,$A16)) -> 0 | D16: =B16-C16 -> 0
A17: =IF('Categorías'!$A$14="","",'Categorías'!$A$14) -> Educación | B17: ='Categorías'!$C$14 -> 0 | C17: =IF($A17="",0,SUMIFS($I$5:$I$154,$H$5:$H$154,$A17)) -> 0 | D17: =B17-C17 -> 0
A18: =IF('Categorías'!$A$15="","",'Categorías'!$A$15) -> Ocio y restaurantes | B18: ='Categorías'!$C$15 -> 0 | C18: =IF($A18="",0,SUMIFS($I$5:$I$154,$H$5:$H$154,$A18)) -> 0 | D18: =B18-C18 -> 0
A19: =IF('Categorías'!$A$16="","",'Categorías'!$A$16) -> Ropa | B19: ='Categorías'!$C$16 -> 0 | C19: =IF($A19="",0,SUMIFS($I$5:$I$154,$H$5:$H$154,$A19)) -> 0 | D19: =B19-C19 -> 0
A20: =IF('Categorías'!$A$17="","",'Categorías'!$A$17) -> Deudas | B20: ='Categorías'!$C$17 -> 0 | C20: =IF($A20="",0,SUMIFS($I$5:$I$154,$H$5:$H$154,$A20)) -> 0 | D20: =B20-C20 -> 0
A21: =IF('Categorías'!$A$18="","",'Categorías'!$A$18) -> Ahorro | B21: ='Categorías'!$C$18 -> 0 | C21: =IF($A21="",0,SUMIFS($I$5:$I$154,$H$5:$H$154,$A21)) -> 0 | D21: =B21-C21 -> 0
A22: =IF('Categorías'!$A$19="","",'Categorías'!$A$19) -> Otros gastos | B22: ='Categorías'!$C$19 -> 0 | C22: =IF($A22="",0,SUMIFS($I$5:$I$154,$H$5:$H$154,$A22)) -> 0 | D22: =B22-C22 -> 0
A23: Total gastos | B23: =SUM($B$11:$B$22) -> 0 | C23: =SUM($C$11:$C$22) -> 0 | D23: =SUM($D$11:$D$22) -> 0
A25: Saldo | B25: =B8-B23 -> 0 | C25: =C8-C23 -> 0

Sheet Septiembre
A1: Septiembre
A2: Plantilla de Excel · Presupuesto mensual · Euro (€)
A4: Ingresos | B4: Previsto | C4: Real | D4: Diferencia | F4: Fecha | G4: Concepto | H4: Categoría | I4: Importe
A5: =IF('Categorías'!$A$5="","",'Categorías'!$A$5) -> Sueldo | B5: ='Categorías'!$C$5 -> 0 | C5: =IF($A5="",0,SUMIFS($I$5:$I$154,$H$5:$H$154,$A5)) -> 0 | D5: =C5-B5 -> 0
A6: =IF('Categorías'!$A$6="","",'Categorías'!$A$6) -> Ingresos extra | B6: ='Categorías'!$C$6 -> 0 | C6: =IF($A6="",0,SUMIFS($I$5:$I$154,$H$5:$H$154,$A6)) -> 0 | D6: =C6-B6 -> 0
A7: =IF('Categorías'!$A$7="","",'Categorías'!$A$7) -> Otros ingresos | B7: ='Categorías'!$C$7 -> 0 | C7: =IF($A7="",0,SUMIFS($I$5:$I$154,$H$5:$H$154,$A7)) -> 0 | D7: =C7-B7 -> 0
A8: Total ingresos | B8: =SUM($B$5:$B$7) -> 0 | C8: =SUM($C$5:$C$7) -> 0 | D8: =SUM($D$5:$D$7) -> 0
A10: Gastos | B10: Previsto | C10: Real | D10: Diferencia
A11: =IF('Categorías'!$A$8="","",'Categorías'!$A$8) -> Vivienda | B11: ='Categorías'!$C$8 -> 0 | C11: =IF($A11="",0,SUMIFS($I$5:$I$154,$H$5:$H$154,$A11)) -> 0 | D11: =B11-C11 -> 0
A12: =IF('Categorías'!$A$9="","",'Categorías'!$A$9) -> Luz, agua e internet | B12: ='Categorías'!$C$9 -> 0 | C12: =IF($A12="",0,SUMIFS($I$5:$I$154,$H$5:$H$154,$A12)) -> 0 | D12: =B12-C12 -> 0
A13: =IF('Categorías'!$A$10="","",'Categorías'!$A$10) -> Supermercado | B13: ='Categorías'!$C$10 -> 0 | C13: =IF($A13="",0,SUMIFS($I$5:$I$154,$H$5:$H$154,$A13)) -> 0 | D13: =B13-C13 -> 0
A14: =IF('Categorías'!$A$11="","",'Categorías'!$A$11) -> Transporte | B14: ='Categorías'!$C$11 -> 0 | C14: =IF($A14="",0,SUMIFS($I$5:$I$154,$H$5:$H$154,$A14)) -> 0 | D14: =B14-C14 -> 0
A15: =IF('Categorías'!$A$12="","",'Categorías'!$A$12) -> Salud | B15: ='Categorías'!$C$12 -> 0 | C15: =IF($A15="",0,SUMIFS($I$5:$I$154,$H$5:$H$154,$A15)) -> 0 | D15: =B15-C15 -> 0
A16: =IF('Categorías'!$A$13="","",'Categorías'!$A$13) -> Seguros | B16: ='Categorías'!$C$13 -> 0 | C16: =IF($A16="",0,SUMIFS($I$5:$I$154,$H$5:$H$154,$A16)) -> 0 | D16: =B16-C16 -> 0
A17: =IF('Categorías'!$A$14="","",'Categorías'!$A$14) -> Educación | B17: ='Categorías'!$C$14 -> 0 | C17: =IF($A17="",0,SUMIFS($I$5:$I$154,$H$5:$H$154,$A17)) -> 0 | D17: =B17-C17 -> 0
A18: =IF('Categorías'!$A$15="","",'Categorías'!$A$15) -> Ocio y restaurantes | B18: ='Categorías'!$C$15 -> 0 | C18: =IF($A18="",0,SUMIFS($I$5:$I$154,$H$5:$H$154,$A18)) -> 0 | D18: =B18-C18 -> 0
A19: =IF('Categorías'!$A$16="","",'Categorías'!$A$16) -> Ropa | B19: ='Categorías'!$C$16 -> 0 | C19: =IF($A19="",0,SUMIFS($I$5:$I$154,$H$5:$H$154,$A19)) -> 0 | D19: =B19-C19 -> 0
A20: =IF('Categorías'!$A$17="","",'Categorías'!$A$17) -> Deudas | B20: ='Categorías'!$C$17 -> 0 | C20: =IF($A20="",0,SUMIFS($I$5:$I$154,$H$5:$H$154,$A20)) -> 0 | D20: =B20-C20 -> 0
A21: =IF('Categorías'!$A$18="","",'Categorías'!$A$18) -> Ahorro | B21: ='Categorías'!$C$18 -> 0 | C21: =IF($A21="",0,SUMIFS($I$5:$I$154,$H$5:$H$154,$A21)) -> 0 | D21: =B21-C21 -> 0
A22: =IF('Categorías'!$A$19="","",'Categorías'!$A$19) -> Otros gastos | B22: ='Categorías'!$C$19 -> 0 | C22: =IF($A22="",0,SUMIFS($I$5:$I$154,$H$5:$H$154,$A22)) -> 0 | D22: =B22-C22 -> 0
A23: Total gastos | B23: =SUM($B$11:$B$22) -> 0 | C23: =SUM($C$11:$C$22) -> 0 | D23: =SUM($D$11:$D$22) -> 0
A25: Saldo | B25: =B8-B23 -> 0 | C25: =C8-C23 -> 0

Sheet Octubre
A1: Octubre
A2: Plantilla de Excel · Presupuesto mensual · Euro (€)
A4: Ingresos | B4: Previsto | C4: Real | D4: Diferencia | F4: Fecha | G4: Concepto | H4: Categoría | I4: Importe
A5: =IF('Categorías'!$A$5="","",'Categorías'!$A$5) -> Sueldo | B5: ='Categorías'!$C$5 -> 0 | C5: =IF($A5="",0,SUMIFS($I$5:$I$154,$H$5:$H$154,$A5)) -> 0 | D5: =C5-B5 -> 0
A6: =IF('Categorías'!$A$6="","",'Categorías'!$A$6) -> Ingresos extra | B6: ='Categorías'!$C$6 -> 0 | C6: =IF($A6="",0,SUMIFS($I$5:$I$154,$H$5:$H$154,$A6)) -> 0 | D6: =C6-B6 -> 0
A7: =IF('Categorías'!$A$7="","",'Categorías'!$A$7) -> Otros ingresos | B7: ='Categorías'!$C$7 -> 0 | C7: =IF($A7="",0,SUMIFS($I$5:$I$154,$H$5:$H$154,$A7)) -> 0 | D7: =C7-B7 -> 0
A8: Total ingresos | B8: =SUM($B$5:$B$7) -> 0 | C8: =SUM($C$5:$C$7) -> 0 | D8: =SUM($D$5:$D$7) -> 0
A10: Gastos | B10: Previsto | C10: Real | D10: Diferencia
A11: =IF('Categorías'!$A$8="","",'Categorías'!$A$8) -> Vivienda | B11: ='Categorías'!$C$8 -> 0 | C11: =IF($A11="",0,SUMIFS($I$5:$I$154,$H$5:$H$154,$A11)) -> 0 | D11: =B11-C11 -> 0
A12: =IF('Categorías'!$A$9="","",'Categorías'!$A$9) -> Luz, agua e internet | B12: ='Categorías'!$C$9 -> 0 | C12: =IF($A12="",0,SUMIFS($I$5:$I$154,$H$5:$H$154,$A12)) -> 0 | D12: =B12-C12 -> 0
A13: =IF('Categorías'!$A$10="","",'Categorías'!$A$10) -> Supermercado | B13: ='Categorías'!$C$10 -> 0 | C13: =IF($A13="",0,SUMIFS($I$5:$I$154,$H$5:$H$154,$A13)) -> 0 | D13: =B13-C13 -> 0
A14: =IF('Categorías'!$A$11="","",'Categorías'!$A$11) -> Transporte | B14: ='Categorías'!$C$11 -> 0 | C14: =IF($A14="",0,SUMIFS($I$5:$I$154,$H$5:$H$154,$A14)) -> 0 | D14: =B14-C14 -> 0
A15: =IF('Categorías'!$A$12="","",'Categorías'!$A$12) -> Salud | B15: ='Categorías'!$C$12 -> 0 | C15: =IF($A15="",0,SUMIFS($I$5:$I$154,$H$5:$H$154,$A15)) -> 0 | D15: =B15-C15 -> 0
A16: =IF('Categorías'!$A$13="","",'Categorías'!$A$13) -> Seguros | B16: ='Categorías'!$C$13 -> 0 | C16: =IF($A16="",0,SUMIFS($I$5:$I$154,$H$5:$H$154,$A16)) -> 0 | D16: =B16-C16 -> 0
A17: =IF('Categorías'!$A$14="","",'Categorías'!$A$14) -> Educación | B17: ='Categorías'!$C$14 -> 0 | C17: =IF($A17="",0,SUMIFS($I$5:$I$154,$H$5:$H$154,$A17)) -> 0 | D17: =B17-C17 -> 0
A18: =IF('Categorías'!$A$15="","",'Categorías'!$A$15) -> Ocio y restaurantes | B18: ='Categorías'!$C$15 -> 0 | C18: =IF($A18="",0,SUMIFS($I$5:$I$154,$H$5:$H$154,$A18)) -> 0 | D18: =B18-C18 -> 0
A19: =IF('Categorías'!$A$16="","",'Categorías'!$A$16) -> Ropa | B19: ='Categorías'!$C$16 -> 0 | C19: =IF($A19="",0,SUMIFS($I$5:$I$154,$H$5:$H$154,$A19)) -> 0 | D19: =B19-C19 -> 0
A20: =IF('Categorías'!$A$17="","",'Categorías'!$A$17) -> Deudas | B20: ='Categorías'!$C$17 -> 0 | C20: =IF($A20="",0,SUMIFS($I$5:$I$154,$H$5:$H$154,$A20)) -> 0 | D20: =B20-C20 -> 0
A21: =IF('Categorías'!$A$18="","",'Categorías'!$A$18) -> Ahorro | B21: ='Categorías'!$C$18 -> 0 | C21: =IF($A21="",0,SUMIFS($I$5:$I$154,$H$5:$H$154,$A21)) -> 0 | D21: =B21-C21 -> 0
A22: =IF('Categorías'!$A$19="","",'Categorías'!$A$19) -> Otros gastos | B22: ='Categorías'!$C$19 -> 0 | C22: =IF($A22="",0,SUMIFS($I$5:$I$154,$H$5:$H$154,$A22)) -> 0 | D22: =B22-C22 -> 0
A23: Total gastos | B23: =SUM($B$11:$B$22) -> 0 | C23: =SUM($C$11:$C$22) -> 0 | D23: =SUM($D$11:$D$22) -> 0
A25: Saldo | B25: =B8-B23 -> 0 | C25: =C8-C23 -> 0

Sheet Noviembre
A1: Noviembre
A2: Plantilla de Excel · Presupuesto mensual · Euro (€)
A4: Ingresos | B4: Previsto | C4: Real | D4: Diferencia | F4: Fecha | G4: Concepto | H4: Categoría | I4: Importe
A5: =IF('Categorías'!$A$5="","",'Categorías'!$A$5) -> Sueldo | B5: ='Categorías'!$C$5 -> 0 | C5: =IF($A5="",0,SUMIFS($I$5:$I$154,$H$5:$H$154,$A5)) -> 0 | D5: =C5-B5 -> 0
A6: =IF('Categorías'!$A$6="","",'Categorías'!$A$6) -> Ingresos extra | B6: ='Categorías'!$C$6 -> 0 | C6: =IF($A6="",0,SUMIFS($I$5:$I$154,$H$5:$H$154,$A6)) -> 0 | D6: =C6-B6 -> 0
A7: =IF('Categorías'!$A$7="","",'Categorías'!$A$7) -> Otros ingresos | B7: ='Categorías'!$C$7 -> 0 | C7: =IF($A7="",0,SUMIFS($I$5:$I$154,$H$5:$H$154,$A7)) -> 0 | D7: =C7-B7 -> 0
A8: Total ingresos | B8: =SUM($B$5:$B$7) -> 0 | C8: =SUM($C$5:$C$7) -> 0 | D8: =SUM($D$5:$D$7) -> 0
A10: Gastos | B10: Previsto | C10: Real | D10: Diferencia
A11: =IF('Categorías'!$A$8="","",'Categorías'!$A$8) -> Vivienda | B11: ='Categorías'!$C$8 -> 0 | C11: =IF($A11="",0,SUMIFS($I$5:$I$154,$H$5:$H$154,$A11)) -> 0 | D11: =B11-C11 -> 0
A12: =IF('Categorías'!$A$9="","",'Categorías'!$A$9) -> Luz, agua e internet | B12: ='Categorías'!$C$9 -> 0 | C12: =IF($A12="",0,SUMIFS($I$5:$I$154,$H$5:$H$154,$A12)) -> 0 | D12: =B12-C12 -> 0
A13: =IF('Categorías'!$A$10="","",'Categorías'!$A$10) -> Supermercado | B13: ='Categorías'!$C$10 -> 0 | C13: =IF($A13="",0,SUMIFS($I$5:$I$154,$H$5:$H$154,$A13)) -> 0 | D13: =B13-C13 -> 0
A14: =IF('Categorías'!$A$11="","",'Categorías'!$A$11) -> Transporte | B14: ='Categorías'!$C$11 -> 0 | C14: =IF($A14="",0,SUMIFS($I$5:$I$154,$H$5:$H$154,$A14)) -> 0 | D14: =B14-C14 -> 0
A15: =IF('Categorías'!$A$12="","",'Categorías'!$A$12) -> Salud | B15: ='Categorías'!$C$12 -> 0 | C15: =IF($A15="",0,SUMIFS($I$5:$I$154,$H$5:$H$154,$A15)) -> 0 | D15: =B15-C15 -> 0
A16: =IF('Categorías'!$A$13="","",'Categorías'!$A$13) -> Seguros | B16: ='Categorías'!$C$13 -> 0 | C16: =IF($A16="",0,SUMIFS($I$5:$I$154,$H$5:$H$154,$A16)) -> 0 | D16: =B16-C16 -> 0
A17: =IF('Categorías'!$A$14="","",'Categorías'!$A$14) -> Educación | B17: ='Categorías'!$C$14 -> 0 | C17: =IF($A17="",0,SUMIFS($I$5:$I$154,$H$5:$H$154,$A17)) -> 0 | D17: =B17-C17 -> 0
A18: =IF('Categorías'!$A$15="","",'Categorías'!$A$15) -> Ocio y restaurantes | B18: ='Categorías'!$C$15 -> 0 | C18: =IF($A18="",0,SUMIFS($I$5:$I$154,$H$5:$H$154,$A18)) -> 0 | D18: =B18-C18 -> 0
A19: =IF('Categorías'!$A$16="","",'Categorías'!$A$16) -> Ropa | B19: ='Categorías'!$C$16 -> 0 | C19: =IF($A19="",0,SUMIFS($I$5:$I$154,$H$5:$H$154,$A19)) -> 0 | D19: =B19-C19 -> 0
A20: =IF('Categorías'!$A$17="","",'Categorías'!$A$17) -> Deudas | B20: ='Categorías'!$C$17 -> 0 | C20: =IF($A20="",0,SUMIFS($I$5:$I$154,$H$5:$H$154,$A20)) -> 0 | D20: =B20-C20 -> 0
A21: =IF('Categorías'!$A$18="","",'Categorías'!$A$18) -> Ahorro | B21: ='Categorías'!$C$18 -> 0 | C21: =IF($A21="",0,SUMIFS($I$5:$I$154,$H$5:$H$154,$A21)) -> 0 | D21: =B21-C21 -> 0
A22: =IF('Categorías'!$A$19="","",'Categorías'!$A$19) -> Otros gastos | B22: ='Categorías'!$C$19 -> 0 | C22: =IF($A22="",0,SUMIFS($I$5:$I$154,$H$5:$H$154,$A22)) -> 0 | D22: =B22-C22 -> 0
A23: Total gastos | B23: =SUM($B$11:$B$22) -> 0 | C23: =SUM($C$11:$C$22) -> 0 | D23: =SUM($D$11:$D$22) -> 0
A25: Saldo | B25: =B8-B23 -> 0 | C25: =C8-C23 -> 0

Sheet Diciembre
A1: Diciembre
A2: Plantilla de Excel · Presupuesto mensual · Euro (€)
A4: Ingresos | B4: Previsto | C4: Real | D4: Diferencia | F4: Fecha | G4: Concepto | H4: Categoría | I4: Importe
A5: =IF('Categorías'!$A$5="","",'Categorías'!$A$5) -> Sueldo | B5: ='Categorías'!$C$5 -> 0 | C5: =IF($A5="",0,SUMIFS($I$5:$I$154,$H$5:$H$154,$A5)) -> 0 | D5: =C5-B5 -> 0
A6: =IF('Categorías'!$A$6="","",'Categorías'!$A$6) -> Ingresos extra | B6: ='Categorías'!$C$6 -> 0 | C6: =IF($A6="",0,SUMIFS($I$5:$I$154,$H$5:$H$154,$A6)) -> 0 | D6: =C6-B6 -> 0
A7: =IF('Categorías'!$A$7="","",'Categorías'!$A$7) -> Otros ingresos | B7: ='Categorías'!$C$7 -> 0 | C7: =IF($A7="",0,SUMIFS($I$5:$I$154,$H$5:$H$154,$A7)) -> 0 | D7: =C7-B7 -> 0
A8: Total ingresos | B8: =SUM($B$5:$B$7) -> 0 | C8: =SUM($C$5:$C$7) -> 0 | D8: =SUM($D$5:$D$7) -> 0
A10: Gastos | B10: Previsto | C10: Real | D10: Diferencia
A11: =IF('Categorías'!$A$8="","",'Categorías'!$A$8) -> Vivienda | B11: ='Categorías'!$C$8 -> 0 | C11: =IF($A11="",0,SUMIFS($I$5:$I$154,$H$5:$H$154,$A11)) -> 0 | D11: =B11-C11 -> 0
A12: =IF('Categorías'!$A$9="","",'Categorías'!$A$9) -> Luz, agua e internet | B12: ='Categorías'!$C$9 -> 0 | C12: =IF($A12="",0,SUMIFS($I$5:$I$154,$H$5:$H$154,$A12)) -> 0 | D12: =B12-C12 -> 0
A13: =IF('Categorías'!$A$10="","",'Categorías'!$A$10) -> Supermercado | B13: ='Categorías'!$C$10 -> 0 | C13: =IF($A13="",0,SUMIFS($I$5:$I$154,$H$5:$H$154,$A13)) -> 0 | D13: =B13-C13 -> 0
A14: =IF('Categorías'!$A$11="","",'Categorías'!$A$11) -> Transporte | B14: ='Categorías'!$C$11 -> 0 | C14: =IF($A14="",0,SUMIFS($I$5:$I$154,$H$5:$H$154,$A14)) -> 0 | D14: =B14-C14 -> 0
A15: =IF('Categorías'!$A$12="","",'Categorías'!$A$12) -> Salud | B15: ='Categorías'!$C$12 -> 0 | C15: =IF($A15="",0,SUMIFS($I$5:$I$154,$H$5:$H$154,$A15)) -> 0 | D15: =B15-C15 -> 0
A16: =IF('Categorías'!$A$13="","",'Categorías'!$A$13) -> Seguros | B16: ='Categorías'!$C$13 -> 0 | C16: =IF($A16="",0,SUMIFS($I$5:$I$154,$H$5:$H$154,$A16)) -> 0 | D16: =B16-C16 -> 0
A17: =IF('Categorías'!$A$14="","",'Categorías'!$A$14) -> Educación | B17: ='Categorías'!$C$14 -> 0 | C17: =IF($A17="",0,SUMIFS($I$5:$I$154,$H$5:$H$154,$A17)) -> 0 | D17: =B17-C17 -> 0
A18: =IF('Categorías'!$A$15="","",'Categorías'!$A$15) -> Ocio y restaurantes | B18: ='Categorías'!$C$15 -> 0 | C18: =IF($A18="",0,SUMIFS($I$5:$I$154,$H$5:$H$154,$A18)) -> 0 | D18: =B18-C18 -> 0
A19: =IF('Categorías'!$A$16="","",'Categorías'!$A$16) -> Ropa | B19: ='Categorías'!$C$16 -> 0 | C19: =IF($A19="",0,SUMIFS($I$5:$I$154,$H$5:$H$154,$A19)) -> 0 | D19: =B19-C19 -> 0
A20: =IF('Categorías'!$A$17="","",'Categorías'!$A$17) -> Deudas | B20: ='Categorías'!$C$17 -> 0 | C20: =IF($A20="",0,SUMIFS($I$5:$I$154,$H$5:$H$154,$A20)) -> 0 | D20: =B20-C20 -> 0
A21: =IF('Categorías'!$A$18="","",'Categorías'!$A$18) -> Ahorro | B21: ='Categorías'!$C$18 -> 0 | C21: =IF($A21="",0,SUMIFS($I$5:$I$154,$H$5:$H$154,$A21)) -> 0 | D21: =B21-C21 -> 0
A22: =IF('Categorías'!$A$19="","",'Categorías'!$A$19) -> Otros gastos | B22: ='Categorías'!$C$19 -> 0 | C22: =IF($A22="",0,SUMIFS($I$5:$I$154,$H$5:$H$154,$A22)) -> 0 | D22: =B22-C22 -> 0
A23: Total gastos | B23: =SUM($B$11:$B$22) -> 0 | C23: =SUM($C$11:$C$22) -> 0 | D23: =SUM($D$11:$D$22) -> 0
A25: Saldo | B25: =B8-B23 -> 0 | C25: =C8-C23 -> 0
